Map: Ever Dream LE

Players

Couguar - Winner!

  • Race: Protoss Protoss
  • League: Grandmaster
  • Spawn Location: 7:00

TLHarstem (Harstem)

  • Race: Protoss Protoss
  • League: Master
  • Spawn Location: 1:00

Event: DreamHack SC2 Masters 2020 Fall

VOD

Have the link to the VOD?

Description

Time

  • Played on: Sept. 2, 2020, 12:05 p.m.
  • Length: 25:20

All games in this series

Show
View Real Time Build Order
Export as new Build Order

Couguar Protoss - Winner!

Build Orders:  

Get SALT Encoding   

  12  0:00  Probe  
  13  0:12  Probe  
  14  0:18  Pylon  
  14  0:24  Probe (Chrono Boost)  
  15  0:36  Probe (Chrono Boost)  
  15  0:38  Gateway  
  16  0:45  Probe (Chrono Boost)  
  16  0:48  Assimilator  
  17  0:51  Probe  
  17  0:55  Assimilator  
  18  1:03  Probe (Chrono Boost)  
  19  1:10  Gateway  
  19  1:18  Probe (Chrono Boost)  
  20  1:23  Probe (Chrono Boost)  
  20  1:25  Cybernetics Core  
  21  1:33  Probe  
  21  1:38  Pylon  
  22  1:45  Probe  
  23  1:59  Warp Gate (Chrono Boost)  
  23  2:01  Stalker x2  
  27  2:02  Probe  
  28  2:13  Pylon  
  28  2:15  Probe  
  29  2:27  Probe  
  30  2:32  Stalker x2  
  34  2:39  Probe  
  35  2:46  Shield Battery  
  35  2:51  Probe  
  36  3:06  Nexus  
  36  3:09  Probe  
  37  3:15  Pylon  
  36  3:22  Twilight Council  
  36  3:26  Probe (Chrono Boost)  
  37  3:36  Probe (Chrono Boost)  
  37  3:40  Forge  
  37  3:41  Sentry  
  40  3:43  Sentry  
  40  3:44  Probe  
  43  3:56  Probe  
  43  4:00  Blink  
  44  4:05  Robotics Facility  
  44  4:09  Probe (Chrono Boost)  
  45  4:18  Protoss Ground Weapons Level 1 (Chrono Boost), Probe (Chrono Boost)  
  47  4:26  Probe (Chrono Boost)  
  47  4:27  Probe (Chrono Boost)  
  48  4:33  Probe (Chrono Boost)  
  48  4:36  Pylon  
  48  4:37  Sentry, Probe (Chrono Boost)  
  52  4:42  Assimilator  
  52  4:43  Probe (Chrono Boost)  
  54  4:46  Probe (Chrono Boost)  
  54  4:50  Pylon  
  54  4:51  Probe  
  55  4:56  Probe  
  55  4:57  Observer  
  57  5:03  Probe  
  57  5:04  Stalker  
  60  5:08  Probe  
  60  5:10  Gateway  
  60  5:12  Gateway  
  61  5:15  Probe  
  61  5:20  Immortal  
  66  5:22  Probe  
  66  5:25  Stalker  
  69  5:28  Probe  
  69  5:32  Pylon  
  70  5:45  Nexus  
  70  5:50  Probe x2  
  70  5:53  Shield Battery  
  72  6:00  Stalker  
  72  6:01  Charge, Stalker  
  76  6:06  Probe  
  76  6:07  Probe  
  76  6:10  Warp Prism  
  80  6:18  Probe  
  80  6:24  Protoss Ground Weapons Level 2 (Chrono Boost)  
  81  6:26  Gateway  
  81  6:27  Gateway  
  81  6:41  Gateway  
  81  6:42  Gateway  
  81  6:49  Observer, Dark Shrine  
  81  6:52  Photon Cannon  
  82  6:54  Photon Cannon  
  82  6:56  Probe  
  82  6:57  Probe  
  82  6:59  Photon Cannon  
  84  7:07  Stalker  
  85  7:08  Stalker  
  85  7:13  Stalker  
  85  7:15  Stalker  
  84  7:27  Probe (Chrono Boost)  
  84  7:28  Stalker x2  
  87  7:35  Probe (Chrono Boost)  
  89  7:40  Probe (Chrono Boost)  
  91  7:44  Probe (Chrono Boost)  
  91  7:45  Probe (Chrono Boost)  
  91  7:46  Zealot x5  
  91  7:50  Pylon  
  101  7:52  Pylon  
  101  8:02  Shadow Stride  
  101  8:08  Observer, Probe  
  97  8:15  Probe  
  94  8:20  Probe x2  
  94  8:22  Robotics Bay  
  94  8:27  Assimilator, Probe  
  94  8:29  Assimilator  
  94  8:32  Gateway, Probe  
  94  8:33  Zealot x3, Gateway, Photon Cannon  
  102  8:35  Assimilator  
  102  8:42  Protoss Ground Weapons Level 3 (Chrono Boost), Pylon  
  102  8:45  Probe (Chrono Boost)  
  102  8:46  Probe (Chrono Boost)  
  104  8:51  Stalker x2  
  108  8:57  Probe (Chrono Boost)  
  108  8:59  Robotics Facility  
  108  9:00  Stalker  
  111  9:03  Probe (Chrono Boost)  
  111  9:05  Observer (Chrono Boost)  
  113  9:10  Pylon  
  113  9:13  Observer  
  113  9:20  Probe  
  113  9:21  Probe x2  
  115  9:27  Disruptor (Chrono Boost)  
  118  9:33  Nexus  
  118  9:40  Probe x2  
  118  9:41  Probe, Pylon  
  118  9:43  Observer  
  118  9:44  Disruptor (Chrono Boost)  
  120  9:51  Zealot x5  
  133  9:56  Observer  
  133  9:59  Probe  
  135  10:01  Observer (Chrono Boost)  
  135  10:03  Photon Cannon  
  135  10:05  Shield Battery  
  135  10:07  Dark Templar x2  
  139  10:17  Observer (Chrono Boost)  
  139  10:20  Probe  
  139  10:21  Gravitic Boosters  
  141  10:30  Pylon  
  141  10:36  Gateway  
  141  10:37  Gateway  
  141  10:39  Pylon  
  141  10:42  Pylon  
  141  10:44  Disruptor x2, Pylon  
  141  10:47  Dark Templar  
  141  10:48  Dark Templar x3  
  151  10:55  Probe  
  151  10:56  Probe x3  
  155  10:58  Assimilator  
  155  11:02  Assimilator  
  155  11:06  Dark Templar x2  
  155  11:07  Probe  
  155  11:08  Zealot x3  
  166  11:19  Probe  
  166  11:20  Disruptor x2 (Chrono Boost), Probe  
  174  11:26  Gateway  
  174  11:28  Pylon  
  164  11:42  Stalker  
  163  11:48  Zealot x9  
  163  11:53  Disruptor x2 (Chrono Boost)  
  160  12:16  Stalker x2  
  160  12:17  Stalker x9  
  160  12:22  Observer x2 (Chrono Boost)  
  182  12:39  Nexus  
  182  12:41  Observer (Chrono Boost)  
  182  12:42  Disruptor (Chrono Boost)  
  171  12:51  Pylon  
  171  12:55  Pylon  
  171  12:57  Unknown  
  171  12:58  Stargate  
  171  13:00  Stargate  
  171  13:01  Disruptor, Stargate  
  170  13:07  Dark Templar x2, Protoss Air Weapons Level 1 (Chrono Boost)  
  174  13:13  Probe x2  
  174  13:14  Probe x2  
  177  13:20  Disruptor  
  164  13:31  Dark Templar  
  166  13:37  Disruptor  
  151  13:42  Zealot x12  
  175  13:49  Probe x2  
  175  13:55  Nexus  
  173  13:56  Observer (Chrono Boost)  
  174  14:05  Photon Cannon  
  174  14:07  Photon Cannon  
  174  14:09  Pylon  
  174  14:11  Protoss Shields Level 1  
  174  14:14  Disruptor (Chrono Boost)  
  177  14:22  Fleet Beacon  
  177  14:23  Dark Templar x2  
  177  14:24  Probe x3  
  184  14:29  Disruptor (Chrono Boost)  
  187  14:37  Disruptor (Chrono Boost)  
  167  14:54  Dark Templar x5  
  167  14:56  Zealot x6  
  167  14:57  Zealot x2  
  143  15:19  Observer  
  143  15:25  Carrier x3 (Chrono Boost)  
  143  15:26  Zealot x6  
  143  15:27  Zealot  
  172  15:30  Zealot  
  172  15:32  Dark Templar  
  166  15:57  Zealot x4  
  166  16:00  Protoss Air Weapons Level 2, Observer  
  165  16:12  Zealot x5  
  165  16:15  Dark Templar  
  165  16:16  Zealot x2  
  181  16:21  Photon Cannon  
  187  16:28  Tempest x2  
  187  16:29  Tempest  
  190  16:34  Zealot x3  
  190  16:35  Zealot x2  
  194  16:48  Mothership (Chrono Boost)  
  155  17:15  Tempest  
  155  17:16  Tempest x2  
  155  17:21  Shield Battery  
  168  17:23  Shield Battery  
  168  17:24  Photon Cannon  
  168  17:29  Observer  
  169  17:34  Dark Templar  
  169  17:35  Nexus  
  171  17:38  Pylon  
  171  17:39  Disruptor  
  171  17:43  Zealot x2  
  171  17:44  Zealot, Stalker x2  
  183  18:05  Oracle x2  
  187  18:08  Observer  
  187  18:10  Zealot x2  
  187  18:11  Stalker x3  
  197  18:16  Observer  
  183  18:27  Zealot x8  
  191  18:40  Photon Cannon  
  191  18:44  Photon Cannon  
  191  18:47  Tempest  
  196  18:50  Stalker  
  195  18:57  Assimilator  
  192  19:10  Carrier  
  195  19:19  Dark Templar x2  
  197  19:26  Probe x2  
  197  19:27  Probe x3  
  197  19:30  Archon  
  198  19:36  Photon Cannon  
  192  19:39  Photon Cannon  
  192  19:40  Photon Cannon  
  192  19:43  Pylon  
  192  19:44  Pylon  
  192  19:52  Assimilator  
  186  19:56  Stalker x5  
  186  19:57  Stalker x4  
  186  19:58  Protoss Shields Level 2  
  194  20:07  Dark Templar x3  
  178  20:23  Dark Templar x2  
  178  20:24  Dark Templar  
  157  20:39  Probe  
  157  20:40  Archon x2  
  151  20:52  Probe (Chrono Boost)  
  151  20:55  Disruptor x2  
  151  20:56  Probe (Chrono Boost)  
  159  21:02  Probe (Chrono Boost)  
  161  21:05  Probe (Chrono Boost)  
  161  21:06  Probe (Chrono Boost)  
  147  21:15  Probe  
  141  21:18  Probe  
  138  21:26  Stalker x5  
  138  21:30  Probe (Chrono Boost)  
  138  21:31  Observer x2  
  151  21:40  Photon Cannon  
  151  21:42  Probe (Chrono Boost)  
  151  21:43  Photon Cannon  
  152  21:52  Stalker  
  152  21:53  Observer x2  
  155  21:55  Probe (Chrono Boost)  
  156  22:02  Probe (Chrono Boost)  
  156  22:09  Stalker x4  
  158  22:35  Zealot x5  
  158  22:36  Zealot  
  169  22:37  Probe  
  176  22:44  Carrier  
  176  22:49  Observer  
  168  22:59  Zealot x2  
  168  23:00  Zealot x2  
  167  23:28  Carrier (Chrono Boost)  
  167  23:34  Dark Templar x2  
  175  23:38  Pylon  
  177  23:50  Stalker  
  177  23:51  Stalker x2  
  175  24:02  Dark Templar  
  175  24:03  Dark Templar  
  175  24:04  Probe (Chrono Boost)  
  142  24:14  Zealot, Probe (Chrono Boost)  
  140  24:23  Dark Templar  
  141  24:41  Dark Templar x2  
  145  24:58  Dark Templar  
  145  24:59  Dark Templar  
Show
View Real Time Build Order
Export as new Build Order

TLHarstem Protoss 

Build Orders: Phoenix Opening, Carriers 

Get SALT Encoding   

  12  0:00  Probe  
  13  0:12  Probe  
  14  0:17  Pylon  
  14  0:24  Probe (Chrono Boost)  
  15  0:36  Probe (Chrono Boost)  
  15  0:38  Gateway  
  16  0:45  Probe (Chrono Boost)  
  16  0:46  Assimilator  
  17  0:51  Probe  
  17  0:54  Assimilator  
  18  1:03  Probe (Chrono Boost)  
  19  1:07  Gateway  
  19  1:15  Probe (Chrono Boost)  
  20  1:21  Probe (Chrono Boost)  
  20  1:25  Cybernetics Core  
  21  1:29  Probe  
  21  1:32  Pylon  
  22  1:41  Probe  
  23  1:53  Probe  
  24  2:02  Warp Gate (Chrono Boost), Stalker  
  24  2:03  Stalker  
  24  2:06  Pylon  
  24  2:07  Probe  
  29  2:20  Probe  
  30  2:32  Sentry  
  30  2:36  Sentry  
  34  2:45  Nexus  
  34  2:46  Probe  
  35  2:52  Pylon  
  35  2:59  Sentry  
  35  3:02  Stalker  
  39  3:06  Phoenix  
  39  3:10  Probe  
  40  3:20  Shield Battery  
  40  3:22  Probe  
  41  3:35  Probe  
  42  3:44  Robotics Facility, Stalker x2  
  42  3:47  Probe (Chrono Boost)  
  47  3:49  Phoenix  
  47  3:58  Probe (Chrono Boost)  
  47  3:59  Probe (Chrono Boost)  
  49  4:04  Forge  
  49  4:07  Probe x2 (Chrono Boost)  
  51  4:12  Probe (Chrono Boost)  
  51  4:13  Probe (Chrono Boost)  
  53  4:24  Probe (Chrono Boost)  
  54  4:25  Pylon  
  54  4:31  Warp Prism, Probe (Chrono Boost)  
  55  4:33  Probe (Chrono Boost)  
  55  4:36  Assimilator  
  55  4:37  Protoss Ground Weapons Level 1  
  55  4:38  Probe (Chrono Boost)  
  59  4:41  Twilight Council  
  59  4:43  Probe  
  60  4:48  Pylon  
  60  4:54  Probe  
  60  4:58  Probe  
  62  5:04  Gateway  
  62  5:08  Gateway  
  62  5:09  Phoenix  
  62  5:11  Adept x2  
  66  5:15  Blink (Chrono Boost)  
  66  5:20  Observer  
  67  5:21  Probe  
  67  5:22  Probe  
  67  5:28  Pylon  
  69  5:31  Nexus  
  69  5:37  Pylon  
  69  5:38  Probe  
  70  5:43  Immortal (Chrono Boost)  
  70  5:47  Probe  
  70  5:48  Phoenix  
  75  5:51  Probe  
  75  5:53  Pylon  
  76  5:59  Probe (Chrono Boost)  
  78  6:05  Stalker x2  
  78  6:07  Probe (Chrono Boost)  
  83  6:11  Probe (Chrono Boost)  
  83  6:14  Shield Battery  
  84  6:19  Probe x2 (Chrono Boost)  
  84  6:21  Dark Shrine, Pylon  
  84  6:25  Immortal (Chrono Boost)  
  85  6:28  Probe  
  85  6:29  Probe  
  91  6:33  Stalker  
  91  6:38  Stalker  
  95  6:42  Probe  
  96  6:48  Protoss Ground Weapons Level 2 (Chrono Boost)  
  96  6:50  Gateway x2  
  96  6:55  Probe  
  96  6:58  Probe  
  98  7:07  Charge (Chrono Boost)  
  98  7:09  Stalker x3  
  98  7:11  Probe, Photon Cannon  
  98  7:14  Probe  
  100  7:25  Immortal (Chrono Boost)  
  100  7:26  Stalker  
  98  7:31  Probe  
  98  7:33  Probe  
  98  7:36  Photon Cannon  
  101  7:38  Assimilator, Stalker x2  
  101  7:40  Zealot  
  101  7:42  Assimilator  
  101  7:44  Probe, Photon Cannon  
  106  7:49  Gateway  
  107  7:52  Gateway  
  107  7:54  Stalker x2  
  107  7:57  Probe  
  112  8:00  Pylon  
  112  8:02  Zealot, Sentry  
  116  8:14  Phoenix  
  116  8:17  Zealot x4  
  120  8:23  Probe  
  120  8:25  Zealot, Pylon  
  122  8:27  Observer  
  122  8:28  Zealot  
  122  8:32  Pylon  
  124  8:41  Nexus  
  124  8:42  Stalker  
  124  8:47  Pylon  
  126  8:48  Stalker x4  
  126  8:53  Probe  
  126  8:54  Observer (Chrono Boost)  
  136  8:57  Probe  
  136  8:59  Photon Cannon  
  136  9:00  Stalker  
  136  9:02  Dark Templar  
  141  9:07  Probe  
  142  9:10  Robotics Bay  
  142  9:11  Probe  
  142  9:13  Robotics Facility  
  142  9:15  Protoss Ground Weapons Level 3 (Chrono Boost)  
  143  9:23  Probe  
  144  9:24  Probe  
  144  9:27  Photon Cannon  
  144  9:31  Probe  
  146  9:32  Shield Battery  
  146  9:33  Unknown  
  146  9:35  Assimilator, Probe  
  145  9:40  Zealot, Dark Templar x2  
  145  9:44  Zealot  
  153  9:47  Probe  
  154  9:53  Probe x3  
  154  9:56  Pylon  
  161  10:02  Disruptor (Chrono Boost)  
  161  10:06  Disruptor (Chrono Boost)  
  166  10:08  Pylon  
  166  10:10  Pylon  
  163  10:15  Zealot x2, Dark Templar x2  
  163  10:16  Zealot  
  173  10:23  Zealot x2  
  173  10:28  Disruptor (Chrono Boost)  
  183  10:40  Disruptor (Chrono Boost)  
  183  10:48  Stalker  
  183  10:49  Zealot x4, Gravitic Boosters (Chrono Boost), Stalker x3  
  195  11:02  Stargate  
  195  11:03  Disruptor  
  196  11:05  Photon Cannon  
  196  11:07  Photon Cannon  
  196  11:17  Nexus  
  196  11:21  Pylon  
  196  11:23  Pylon  
  196  11:28  Probe  
  195  11:38  Disruptor  
  190  11:47  Zealot x5  
  189  12:05  Disruptor (Chrono Boost)  
  184  12:13  Stalker x2  
  184  12:14  Stalker x6  
  190  12:22  Photon Cannon  
  188  12:24  Photon Cannon  
  188  12:26  Photon Cannon  
  188  12:27  Probe, Observer (Chrono Boost), Photon Cannon  
  187  12:34  Pylon  
  187  12:35  Observer (Chrono Boost)  
  182  12:38  Observer (Chrono Boost)  
  182  12:44  Zealot x8  
  199  12:54  Observer  
  198  13:10  Photon Cannon, Protoss Shields Level 1, Probe  
  199  13:18  Zealot x2  
  199  13:19  Zealot x2  
  191  13:33  Disruptor (Chrono Boost), Zealot x4  
  191  13:40  Disruptor (Chrono Boost)  
  195  13:47  Stalker x2  
  195  13:48  Stalker  
  200  13:52  Fleet Beacon  
  200  13:54  Gateway  
  184  13:55  Gateway  
  184  13:57  Fleet Beacon  
  184  13:58  Zealot x5  
  184  14:01  Shield Battery  
  190  14:03  Stargate  
  190  14:05  Shield Battery  
  190  14:07  Assimilator  
  190  14:09  Observer (Chrono Boost)  
  191  14:12  Assimilator  
  191  14:14  Probe  
  191  14:15  Pylon  
  191  14:16  Observer (Chrono Boost)  
  193  14:17  Zealot x3  
  193  14:22  Probe  
  198  14:40  Observer  
  198  14:43  Gravitic Drive (Chrono Boost)  
  184  15:04  Protoss Air Weapons Level 1  
  184  15:06  Mothership (Chrono Boost)  
  162  15:07  Zealot x10  
  162  15:09  Carrier x2 (Chrono Boost)  
  168  15:38  Stalker x10  
  188  15:46  Disruptor  
  191  15:55  Nexus  
  189  15:57  Pylon  
  189  16:01  Zealot x3, Dark Templar  
  189  16:02  Zealot x5  
  197  16:07  Dark Templar  
  197  16:09  Carrier (Chrono Boost)  
  180  16:26  Disruptor (Chrono Boost)  
  180  16:31  Carrier (Chrono Boost)  
  180  16:32  Disruptor (Chrono Boost)  
  184  16:34  Nexus  
  184  16:35  Photon Cannon  
  184  16:36  Dark Templar, Stalker, Photon Cannon  
  184  16:37  Stalker x6  
  192  16:59  Disruptor  
  169  17:02  Zealot x7  
  169  17:06  Carrier  
  183  17:10  Zealot x2, Dark Templar  
  188  17:19  Disruptor  
  191  17:26  Templar Archives  
  191  17:28  Carrier  
  193  17:40  Shield Battery, Stalker x3  
  193  17:51  Pylon  
  185  18:05  Stalker x2  
  185  18:06  Stalker x5  
  197  18:26  Disruptor (Chrono Boost)  
  180  18:33  Observer (Chrono Boost)  
  178  18:36  Stalker x8  
  178  18:37  Stalker x2  
  196  18:43  Probe  
  195  18:59  Observer (Chrono Boost)  
  195  19:01  Disruptor (Chrono Boost)  
  191  19:02  Dark Templar  
  191  19:03  Zealot x5, Dark Templar  
  191  19:08  Pylon  
  189  19:20  Disruptor (Chrono Boost)  
  176  19:27  Stalker x7  
  179  19:32  Dark Templar  
  179  19:45  Dark Templar  
  179  19:46  Zealot  
  179  19:52  Disruptor  
  182  19:56  Zealot x7  
  188  20:01  Disruptor  
  171  20:27  Disruptor  
  154  20:37  Disruptor  
  153  20:48  Zealot, Dark Templar  
  153  20:49  Zealot  
  159  20:50  Nexus  
  159  21:02  Nexus  
  159  21:03  Disruptor  
  152  21:14  Observer  
  137  21:34  Disruptor, High Templar, Sentry  
  137  21:35  High Templar x3  
  137  21:36  High Templar x2  
  137  21:37  Zealot x2  
  137  21:38  Zealot  
  137  21:39  Disruptor  
  157  21:42  Archon x2  
  157  21:43  Archon  
  157  21:54  Probe  
  157  22:08  High Templar x2  
  157  22:09  High Templar x2  
  157  22:10  Disruptor  
  157  22:13  Archon  
  157  22:14  Disruptor  
  168  22:19  Archon  
  167  22:23  Dark Templar  
  167  22:24  Zealot x5  
  164  22:42  Dark Templar  
  166  22:46  Disruptor  
  166  22:51  Observer  
  158  22:58  Zealot x8  
  166  23:11  Disruptor  
  156  23:20  Zealot x3  
  156  23:21  Disruptor, Zealot x3  
  169  23:29  Zealot x4  
  167  23:42  Dark Templar  
  167  23:48  Observer  
  166  23:52  Dark Templar  
  166  23:53  Zealot x2  
  172  23:58  Observer  
  151  24:10  Zealot  
  148  24:22  Zealot  
  148  24:23  Zealot x4  
  147  24:27  Observer x2  
  143  24:48  Observer  
  144  24:56  Zealot x3  

Tags
 
Add a new tag
Caveats
  • Supply blocks, unpowered buildings, or Contaminate may cause inaccurate times.
  • Supply counts are checked every 10 seconds.